 Dungeon Crawl Stone Soup version 0.23.0 (webtiles) character file.

Game seed: 13248030890740417684

8810 Blackhawk the Grappler (level 11, 0/107 HPs)
             Began as a Troll Monk on Feb 11, 2019.
             Was the Champion of the Shining One.
             Killed from afar by Harold (16 damage)
             ... with a harpoon shot
             ... on level 9 of the Dungeon.
             The game lasted 00:27:13 (9710 turns).

Blackhawk the Grappler (Troll Monk)                 Turns: 9710, Time: 00:27:13

Health: 0/107      AC: 14    Str: 21    XL:     11   Next: 14%
Magic:  10/10      EV: 12    Int:  9    God:    the Shining One [******]
Gold:   618        SH:  0    Dex: 18    Spells: 10/10 levels left

rFire    + + .     SeeInvis +     - Unarmed
rCold    . . .     Gourm    +   (no shield)
rNeg     + + +     Faith    .   J - +1 fire dragon scales of Vampiric Thralls {rF++ rC- Dex+3 SInv} (curse)
rPois    .         Spirit   .   (helmet restricted)
rElec    .         Reflect  .   K - +0 cloak of the Engineer {rC+ Int+3} (curse)
rCorr    .         Harm     .   (gloves unavailable)
MR       .....                  (boots unavailable)
Stlth    ..........             G - amulet of inaccuracy (curse)
HPRegen  0.67/turn              (no ring)
MPRegen  0.12/turn              q - ring of see invisible

@: lethally poisoned (0 -> -1), marked, very slightly contaminated, glowing
A: large, unfitting armour, claws 3, fast metabolism 3, gourmand, regeneration
1, shaggy fur 1, tough skin 3
a: Divine Shield, Cleansing Flame, Summon Divine Warrior, Brand Weapon With Holy
Wrath, Renounce Religion


You were on level 9 of the Dungeon.
You worshipped the Shining One.
The Shining One was exalted by your worship.
You were full.

You visited 1 branch of the dungeon, and saw 9 of its levels.
You also visited: Ossuary and Bailey.

You collected 618 gold pieces.

Inventory:

Hand Weapons
 b - a +2 hand axe of flaming
 x - a +4 whip of venom
Missiles
 e - 9 throwing nets (quivered)
Armour
 a - a +1 robe
 J - the cursed +1 fire dragon scales of Vampiric Thralls (worn) {rF++ rC- Dex+3 SInv}
   (You found it in a bailey)

   It affects your dexterity (+3).
   It greatly protects you from fire.
   It makes you vulnerable to cold.
   It lets you see invisible.
   It has a curse placed upon it.
 K - the cursed +0 cloak of the Engineer (worn) {rC+ Int+3}
   (You found it in a bailey)

   It affects your intelligence (+3).
   It protects you from cold.
   It has a curse placed upon it.
Jewellery
 q - a ring of see invisible (right claw)
 v - an uncursed ring of stealth {unknown}
 G - a cursed amulet of inaccuracy (around neck)
Wands
 c - a wand of flame (19)
 n - a wand of paralysis (11)
 u - a wand of iceblast (4)
 F - a wand of enslavement (3)
Scrolls
 d - 5 scrolls of magic mapping
 f - a scroll of noise
 g - 3 scrolls of random uselessness
 h - 2 scrolls of teleportation
 m - a scroll of blinking
 o - a scroll of enchant armour
 y - a scroll of remove curse
 D - 3 scrolls of identify
 I - a scroll of amnesia {unknown}
Potions
 i - 4 potions of heal wounds
 j - a potion of resistance {unknown}
 k - 3 potions of might
 l - 2 potions of lignification
 r - a potion of brilliance
 s - 2 potions of curing
 t - a potion of flight {unknown}
 w - 3 potions of agility
 z - a potion of invisibility
 A - a potion of berserk rage
 B - a potion of mutation
 C - 2 potions of cancellation
 E - a potion of degeneration {unknown}
Comestibles
 p - 27 rations


   Skills:
 + Level 6.4 Fighting
 * Level 1.4 Armour
 - Level 7.7 Dodging
 - Level 1.0 Stealth
 + Level 13.1 Unarmed Combat


You had 10 spell levels left.
You didn't know any spells.
Your spell library contained the following spells:

 Spells                   Type           Power        Failure   Level  Hunger
 Animate Skeleton         Necr           N/A          82%         1    ##.....
 Beastly Appendage        Tmut           #.....       82%         1    ##.....
 Corona                   Hex            #......      82%         1    ##.....
 Pain                     Necr           #...         82%         1    ##.....
 Sandblast                Erth           #.....       82%         1    ##.....
 Ensorcelled Hibernation  Hex/Ice        #.....       91%         2    ###....
 Passwall                 Tmut/Erth      #.......     91%         2    ###....
 Sticks to Snakes         Tmut           #.......     91%         2    ###....
 Confuse                  Hex            #.......     99%         3    ####...
 Dazzling Spray           Conj/Hex       #.....       99%         3    ####...
 Regeneration             Chrm/Necr      #.........   99%         3    ####...
 Spider Form              Tmut/Pois      #.........   99%         3    ####...
 Stone Arrow              Conj/Erth      #.....       99%         3    ####...
 Tukima's Dance           Hex            #.......     99%         3    ####...
 Vampiric Draining        Necr           #.........   99%         3    ####...
 Animate Dead             Necr           N/A          100%        4    #####..
 Ice Form                 Ice/Tmut       #.......     100%        4    #####..
 Petrify                  Tmut/Erth      #.......     100%        4    #####..
 Blade Hands              Tmut           #.........   100%        5    ######.
 Lee's Rapid Deconstruct  Erth           #.........   100%        5    ######.


Dungeon Overview and Level Annotations

Branches:
Dungeon (9/15)             Temple (0/1) D:7
   Lair: D:8-11         Orc: D:9-12

Altars:
Ashenzari
Vehumet
The Shining One

Shops:
D:5 (!(*%   D:6 }

Annotations:
D:7 2 transporters, edsrzf's ghost, novice FoFi
D:9 Harold


Innate Abilities, Weirdness & Mutations

You are too large for most types of armour.
You have claws for hands.
Your metabolism is lightning-fast.
You like to eat raw meat.
Your natural rate of healing is unusually fast.
You are covered in fur. (AC +1)
You have extremely tough skin. (AC +3)


Message History

Evoke which item? (* to show all) (? for menu, Esc to quit)
Aiming: Iceblast
Press: ? - help, Shift-Dir - straight line, f/p - Erica
Aim: Erica, wielding a +2 scimitar of flaming and wearing a +0 robe (almost dead, haloed)
The mass of ice explodes!
The iceblast engulfs Erica!
You kill Erica!
Your Armour skill increases to level 1!
Harold points at you and mumbles some strange words.
The harpoon shot hits you.
* * * LOW HITPOINT WARNING * * *
You are yanked forward by the harpoon shot.
You feel sick. Harold hits you but does no damage.
Harold gestures at you while chanting. A sentinel's mark forms upon you.
Things that are here:
a +2 scimitar of flaming; a +0 robe; the human corpse of Erica Harold throws a throwing net.
The throwing net misses you.
Harold points at you and mumbles some strange words.
The harpoon shot hits you!
You die...

#################################
..............†..................
##.######.######(#######.######.#
#.# #.# #(# #.# #.. #.# #.# #.#
#.# #.. #.# #.# #@# #.######.)
#.# #.# #.# #......... #.# #>#
#)# #.######.. #.#****#.# #.# #.#
### **,,,,,,,.######.# #.#
,,,******.......@# #.# **,*
*.######.# #.# *,* *,*
#.#######.######## *,* *,*
#......@..........


You could see Harold.

Vanquished Creatures
  A hydra (D:8)
  Erica (D:9)
  Joseph (D:7)
  2 dream sheep
  6 yaks
  A hungry ghost (D:7)
  Menkaure (D:6)
  4 orc warriors
  2 sky beasts
  A black bear (D:8)
  3 ice beasts (D:7)
  2 necrophages (D:7)
  2 ogres (D:5)
  2 phantoms
  A wolf (D:7)
  5 centaurs
  An elf zombie (D:6)
  3 big kobolds
  5 bullfrogs
  4 gnoll sergeants
  An elf skeleton (D:6)
  3 scorpions
  6 killer bees (D:9)
  12 wights
  A jelly (D:7)
  A bullfrog skeleton (D:5)
  A centaur zombie (D:7)
  6 hounds
  A quasit (D:6)
  A centaur skeleton (D:9)
  3 gnoll shamans
  7 orc priests
  4 worker ants
  A human skeleton (D:6)
  2 iguanas
  6 orc wizards
  4 big kobold zombies (Ossuary)
  2 mummies (Ossuary)
  A hound skeleton (D:7)
  59 gnolls
  8 adders
  2 shadow imps
  An ooze (D:5)
  2 adder zombies (Ossuary)
  6 worms
  5 dart slugs
  4 leopard geckos
  25 orcs
  10 bats
  7 giant cockroaches
  5 hobgoblins
  38 jackals
  4 quokkas
  2 ball pythons (D:3)
  6 frilled lizards
  3 gnoll zombies (Ossuary)
  7 goblins
  4 hobgoblin zombies (Ossuary)
  8 kobolds
  5 kobold zombies (Ossuary)
  2 orc skeletons (D:6)
  5 orc zombies
  4 rats
333 creatures vanquished.

Vanquished Creatures (others)
  An orc knight (Bailey)
1 creature vanquished.

Grand Total: 334 creatures vanquished

Notes
Turn   | Place    | Note
-------+----------+-------------------------------------------
     0 | D:1      | Blackhawk the Troll Monk began the quest for the Orb.
     0 | D:1      | Reached XP level 1. HP: 22/22 MP: 0/0
   103 | D:1      | Reached XP level 2. HP: 29/29 MP: 1/1
   303 | D:1      | Reached skill level 4 in Unarmed Combat
   453 | D:1      | Reached XP level 3. HP: 36/36 MP: 2/2
  1020 | D:2      | HP: 1/36 [gnoll/+0 flail (10)]
  1116 | D:1      | Reached XP level 4. HP: 21/44 MP: 3/3
  1172 | D:1      | Reached skill level 5 in Unarmed Combat
  1285 | D:2      | You fall through a shaft for 2 floors!
  1337 | D:3      | Found a radiant altar of Vehumet.
  1537 | D:3      | Found a faded altar of an unknown god.
  1544 | D:3      | Became a worshipper of the Shining One
  1544 | D:3      | Reached * piety under the Shining One
  1544 | D:3      | Reached ** piety under the Shining One
  1772 | D:3      | Reached *** piety under the Shining One
  1775 | D:3      | Reached XP level 5. HP: 48/50 MP: 4/4
  1782 | D:3      | Reached skill level 6 in Unarmed Combat
  2287 | D:2      | Reached XP level 6. HP: 54/59 MP: 5/5
  2813 | D:4      | Reached skill level 7 in Unarmed Combat
  3554 | D:5      | Entered Level 5 of the Dungeon
  3636 | D:5      | Reached skill level 8 in Unarmed Combat
  3636 | D:5      | Reached XP level 7. HP: 19/66 MP: 6/6
  3714 | D:5      | Found Postracko's Food Boutique.
  3896 | D:5      | Reached skill level 9 in Unarmed Combat
  3933 | D:5      | Reached **** piety under the Shining One
  4217 | D:4      | Reached XP level 8. HP: 67/74 MP: 7/7
  4335 | D:4      | Reached skill level 10 in Unarmed Combat
  5088 | D:5      | Found Atreas Fesaa's Weapon Shop.
  5091 | D:5      | Found Sacerr's Distillery.
  5152 | D:5      | Found Foel's Weapon Shop.
  5264 | D:5      | Found Baisk's General Store.
  5331 | D:6      | Noticed Menkaure
  5339 | D:6      | Killed Menkaure
  5419 | D:6      | Reached skill level 11 in Unarmed Combat
  5450 | D:6      | Found a sand-covered staircase.
  5457 | Ossuary  | Entered an ossuary
  5473 | Ossuary  | Reached ***** piety under the Shining One
  5714 | D:6      | Reached XP level 9. HP: 80/80 MP: 8/8
  6114 | D:6      | Found Gitraz's Gadget Boutique.
  6577 | D:7      | Reached skill level 5 in Dodging
  6665 | D:7      | Noticed Joseph
  6676 | D:7      | Killed Joseph
  6900 | D:7      | Found a staircase to the Ecumenical Temple.
  7019 | D:7      | Reached skill level 12 in Unarmed Combat
  7052 | D:7      | Found a transporter.
  7058 | D:7      | Found a transporter.
  7059 | D:7      | Noticed edsrzf's ghost (novice FoFi)
  7070 | D:7      | Reached ****** piety under the Shining One
  7078 | D:7      | Noticed a moth of wrath
  7376 | D:7      | Reached XP level 10. HP: 67/92 MP: 9/9
  7745 | D:8      | Found a shattered altar of Ashenzari.
  8208 | D:8      | Reached skill level 5 in Fighting
  8420 | D:8      | Noticed a two-headed hydra
  8429 | D:8      | Killed a one-headed hydra
  8970 | D:9      | Reached skill level 13 in Unarmed Combat
  8976 | D:9      | Reached XP level 11. HP: 80/104 MP: 10/10
  9151 | D:9      | Found a flagged portal.
  9157 | Bailey   | Entered a bailey
  9407 | Bailey   | Noticed an orc knight
  9531 | Bailey   | Got encrusted fire dragon scales
  9534 | Bailey   | Got a scorched cloak
  9540 | Bailey   | Identified the cursed +0 cloak of the Engineer {rC+ Int+3}
                  | (You found it in a bailey)
  9550 | Bailey   | Identified the cursed +1 fire dragon scales of Vampiric
                  | Thralls {rF++ rC- Dex+3 SInv} (You found it in a bailey)
  9624 | D:9      | Noticed Erica
  9666 | D:9      | Noticed Harold
  9693 | D:9      | The Shining One protects you from harm!
  9706 | D:9      | Killed Erica
  9706 | D:9      | Reached skill level 1 in Armour
  9710 | D:9      | Killed from afar by Harold

Skill      XL: |  1  2  3  4  5  6  7  8  9 10 11 |
---------------+----------------------------------+-----
Unarmed Combat | 4 5 6 8 9 11 12 13 | 13.1
Dodging        | 4 6 7 |  7.7
Fighting       | 4 6 |  6.4
Armour         | 1 |  1.4
Stealth        | |  1.0

Action                   |  1- 3 |  4- 6 |  7- 9 | 10-12 || total
-------------------------+-------+-------+-------+-------++-------
Melee: Unarmed           |   104 |   172 |   323 |   260 ||   859
       Punch             |     3 |     2 |    19 |    14 ||    38
       Hand axe          |       |       |       |     5 ||     5
Evoke: Wand              |       |       |       |     8 ||     8
  Use: Scroll            |       |       |    22 |     2 ||    24
       Potion            |       |       |       |     1 ||     1
 Stab: Sleeping          |     4 |       |       |       ||     4
  Eat: Chunk             |    14 |    25 |    30 |    29 ||    98
Armor: Robe              |    44 |    37 |    78 |    62 ||   221
       Fire dragon scale |       |       |       |    10 ||    10
Dodge: Dodged            |    76 |    65 |   143 |   276 ||   560
